 Dungeon Crawl Stone Soup version 0.29.1-15-g9cfb28693d (webtiles) character file.

Game seed: 13168186769029032772

7618 H0rd4k the Fighter (level 11, -6/83 HPs)
             Began as an Octopode Artificer on Mar 14, 2023.
             Was an Initiate of Gozag.
             Mangled by a yak (13 damage)
             ... on level 10 of the Dungeon.
             The game lasted 00:13:57 (13063 turns).

H0rd4k the Fighter (Octopode Artificer)            Turns: 13063, Time: 00:13:58

Health: -6/83      AC:  1    Str: 22    XL:     11   Next: 18%
Magic:  22/22      EV: 13    Int: 17    God:    Gozag
Gold:   772        SH:  0    Dex: 13    Spells: 24/25 levels left

rFire   . . .      SeeInvis .   g - +2 long sword of Dumafeme {spect, rC+ Str+4}
rCold   + . .      Faith    .   (no shield)
rNeg    + . .      Spirit   .   (helmet restricted)
rPois   .          Reflect  .   (no amulet)
rElec   .          Harm     .   e - +6 ring of strength
rCorr   .          Rampage  .   D - ring of positive energy
Will    .....                   (no ring)
Stlth   +++.......              (no ring)
HPRegen 0.23/turn               (no ring)
MPRegen 0.18/turn               (no ring)
                                (no ring)
                                (no ring)

@: gold aura
A: almost no armour, amphibious, 8 rings, camouflage 1, gelatinous body 1,
(nimble swimmer 1), tentacles
a: Renounce Religion, Potion Petition, Call Merchant, Bribe Branch


You were on level 10 of the Dungeon.
You worshipped Gozag.
Gozag was pleased with you.
You visited 2 branches of the dungeon, and saw 11 of its levels.

You collected 878 gold pieces.
You paid 106 gold pieces to Gozag.

Inventory:

Hand Weapons
 g - the +2 long sword of Dumafeme (weapon) {spect, rC+ Str+4}
   (You found it on level 2 of the Dungeon)

   When its wielder attacks, the weapon's spirit leaps out and strikes again.
   The spirit shares a part of any damage it takes with its wielder.
   Str:       It affects your strength (+4).
   rC:        It protects you from cold.
Missiles
 o - 2 atropa-tipped darts
 E - 14 poisoned darts (quivered)
Magical Staves
 C - a staff of earth
 H - a staff of poison
Jewellery
 e - a +6 ring of strength (left tentacle)
 D - a ring of positive energy (right tentacle)
 G - a ring of ice
 J - a ring of fire
Wands
 c - a wand of charming (3)
 d - a wand of iceblast (4)
 w - a wand of mindburst (16)
 I - a wand of roots (16)
 L - a wand of flame (7)
Scrolls
 a - 7 scrolls of identify
 f - a scroll of magic mapping {unknown}
 h - a scroll of immolation {unknown}
 j - 3 scrolls of vulnerability {unknown}
 k - 3 scrolls of teleportation {unknown}
 l - 3 scrolls of silence
 m - 3 scrolls of blinking
 q - 3 scrolls of amnesia {unknown}
 x - 3 scrolls of poison
 y - a scroll of fog {unknown}
 F - 4 scrolls of noise {unknown}
 M - a scroll of acquirement {unknown}
Potions
 b - a potion of cancellation {unknown}
 i - 2 potions of lignification
 p - a potion of resistance
 r - a potion of invisibility {unknown}
 s - a potion of mutation {unknown}
 t - 3 potions of flight {unknown}
 v - 6 potions of curing
 z - 2 potions of attraction {unknown}
 A - 3 potions of might {unknown}
 B - 2 potions of magic {unknown}
 K - a potion of berserk rage {unknown}


   Skills:
 * Level 11.4 Fighting
 - Level 7.3 Long Blades
 + Level 2.4 Throwing
 - Level 2.3 Dodging
 - Level 1.3 Stealth
 - Level 1.4 Unarmed Combat
 * Level 7.6 Spellcasting
 * Level 3.0 Summonings
 * Level 3.4 Poison Magic
 - Level 3.2 Evocations


You had 24 spell levels left.
You knew the following spells:

 Your Spells              Type           Power      Damage    Failure   Level
a - Summon Small Mammal   Summ           64%        N/A       3%          1

Your spell library contained the following spells:

 Spells                   Type           Power      Damage    Failure   Level
 Apportation              Tloc           12%        N/A       11%         1
 Necrotise                Necr           24%        1d5       11%         1
 Sublimation of Blood     Necr           6%         N/A       17%         2
 Wereblood                Tmut           6%         N/A       17%         2
 Ignite Poison            Fire/Tmut/Pois 10%        N/A       21%         3
 Mephitic Cloud           Conj/Pois/Air  10%        N/A       21%         3
 Gell's Gravitas          Tloc           6%         N/A       32%         3
 Lesser Beckoning         Tloc           6%         N/A       32%         3
 Teleport Other           Tloc           6%         N/A       32%         3
 Cause Fear               Hex            3%         N/A       73%         4
 Borgnjor's Vile Clutch   Necr/Erth      3%         N/A       97%         5
 Freezing Cloud           Conj/Ice/Air   3%         6-21      97%         5
 Death Channel            Necr           3%         N/A       100%        6
 Dragon Form              Tmut           3%         N/A       100%        7
 Summon Hydra             Summ           8%         N/A       100%        7
 Dragon's Call            Summ           8%         N/A       100%        9
 Animate Dead             Necr           Unusable   N/A       N/A         4

Dungeon Overview and Level Annotations

Branches:
Dungeon (10/15)            Temple (1/1) D:7            Lair (0/5) D:10
    Orc (0/2) D:9

Altars:
Ashenzari
Cheibriados
Dithmenos
Elyvilon
Fedhas
Gozag
Kikubaaqudgha
Makhleb
Nemelex Xobeh
Okawaru
Qazlal
Ru
Sif Muna
Trog
Vehumet
Wu Jian
Xom
Yredelemnul
Zin
The Shining One

Shops:
D:1 *

Annotations:
D:5 Edmund
D:6 1 runed translucent door, exclusion: door, MrZuerg's ghost, novice KoAr
D:8 exclusion: 2 downstairs, Maggie
D:9 exclusion: bat


Innate Abilities, Weirdness & Mutations

You cannot wear most types of armour.
You are amphibious.
You can wear up to eight rings at the same time.
Your skin changes colour to match your surroundings (Stealth+).
Your rubbery body absorbs attacks. (AC +1, EV +1)
((You are camouflaged when in or above water. (Stealth+)))
You have tentacles for arms and can constrict up to eight enemies at once.


Message History

Casting: Summon Small Mammal (safe; 3% risk of failure)
Confirm with . or Enter, or press ? or * to list all spells.
The yak completely misses your quokka.
Your quokka bites the yak.
The yak barely misses your quokka.
Your quokka bites the yak but does no damage.
The yak gores your quokka!
Your quokka dies!
Your quokka's corpse disappears in a puff of smoke!
The yak gores your bat.
Your bat dies!
Your bat's corpse disappears in a puff of smoke!
You slash the yak!
The yak is moderately wounded.
The yak completely misses you. The yak gores you!
You closely miss the yak.
Your +2 long sword of Dumafeme {spect, rC+ Str+4} barely misses the yak.
The yak closely misses your +2 long sword of Dumafeme {spect, rC+ Str+4}.
The yak snorts and paws the ground.
You slash the yak! You squeeze the yak!
The yak is heavily wounded.
Your +2 long sword of Dumafeme {spect, rC+ Str+4} hits the yak!
You kill the yak!
Your Summonings skill increases to level 3!
You slash the yak! You squeeze the yak, but do no damage.
The yak is heavily wounded.
Your +2 long sword of Dumafeme {spect, rC+ Str+4} closely misses the yak.
The yak gores you! The yak barely misses you.
You slash the yak!
The yak is severely wounded.
Your +2 long sword of Dumafeme {spect, rC+ Str+4} barely misses the yak.
The yak gores you. The yak gores you!
* * * LOW HITPOINT WARNING * * *
You barely miss the yak. You squeeze the yak!
The yak is almost dead.
Your +2 long sword of Dumafeme {spect, rC+ Str+4} completely misses the yak.
The yak gores you!
* * * LOW HITPOINT WARNING * * *
The yak gores you!
You die...
Your body crumbles into a pile of gold.

##.................#
#...Y...P..P......##
##.P...............#
#............##....
##......P..........
##.Y##..............
#..#$..######.......
#.##Y### ##.......#
#.Y@(# #...##...#
###### #........#
##.......# ##......#
###..#..# ##...#####
##.........
#......##..
##...######


You could see 2 yaks and a friendly +2 long sword of Dumafeme {spect, rC+ Str+4}
(summoned).

Vanquished Creatures
  A two-headed ogre (D:9)
  Joseph (D:8)
  A troll (D:9)
  2 hornets
  Sigmund (D:5)
  A shadow (D:10)
  A wraith (D:10)
  A wyvern (D:8)
  9 yaks
  2 vampire mosquitoes (D:10)
  Menkaure (D:4)
  5 water moccasins
  2 acid dragons (D:9)
  A sky beast (D:8)
  2 orc warriors
  2 ice beasts (D:6)
  2 black bears
  2 ogres (D:5)
  A phantom (D:7)
  7 bullfrogs
  A necrophage (D:6)
  A gnoll sergeant (D:10)
  5 scorpions
  3 killer bees
  2 howler monkeys
  5 hounds
  A jelly (D:4)
  A gnoll bouda (D:10)
  3 orc priests
  Jessica (D:3)
  Natasha (thrice) (D:2)
  7 iguanas
  4 orc wizards
  Robin (D:2)
  5 adders
  9 gnolls
  3 shadow imps
  A white imp (D:7)
  An ufetubus (D:4)
  A worm (D:2)
  A dart slug (D:1)
  41 orcs
  7 ball pythons
  2 endoplasms
  4 giant cockroaches
  11 goblins
  14 hobgoblins
  3 jackals (D:2)
  3 quokkas
  5 bats
  5 frilled lizards
  6 kobolds
  4 rats
209 creatures vanquished.

Vanquished Creatures (collateral kills)
  A steam dragon (D:8)
1 creature vanquished.

Vanquished Creatures (others)
  A bullfrog (D:10)
  A gnoll (D:10)
  3 orcs (D:8)
  49 fungi (D:10)
  57 plants (D:10)
111 creatures vanquished.

Grand Total: 321 creatures vanquished

Notes
Turn   | Place    | Note
-------+----------+-------------------------------------------
     0 | D:1      | H0rd4k the Octopode Artificer began the quest for the Orb.
     0 | D:1      | Reached XP level 1. HP: 13/13 MP: 1/1
   402 | D:1      | Reached skill level 1 in Spellcasting
   402 | D:1      | Reached XP level 2. HP: 16/18 MP: 3/3
  1079 | D:1      | Reached XP level 3. HP: 20/24 MP: 5/5
  1124 | D:1      | Found Exemm's General Store.
  1511 | D:2      | Identified the +2 long sword of Dumafeme {spect, rC+ Str+4}
  1515 | D:2      | Noticed Natasha
  1526 | D:2      | Killed Natasha
  1527 | D:2      | Reached skill level 2 in Fighting
  1527 | D:2      | Reached skill level 1 in Unarmed Combat
  1709 | D:2      | Reached XP level 4. HP: 30/30 MP: 6/6
  1881 | D:2      | Noticed Natasha
  1887 | D:2      | Killed Natasha
  2117 | D:2      | Found a faded altar of an unknown god.
  2175 | D:2      | Noticed Natasha
  2178 | D:2      | Killed Natasha
  2179 | D:2      | Reached XP level 5. HP: 36/36 MP: 8/8
  2209 | D:2      | Noticed Robin
  2215 | D:2      | Killed Robin
  2216 | D:2      | Reached skill level 3 in Fighting
  2216 | D:2      | Reached skill level 1 in Long Blades
  2952 | D:3      | Reached XP level 6. HP: 28/42 MP: 10/10
  3399 | D:3      | Found a white marble altar of Elyvilon.
  3471 | D:3      | Noticed Jessica
  3479 | D:3      | Killed Jessica
  3515 | D:3      | Found a shimmering blue altar of Sif Muna.
  3925 | D:4      | Found a shadowy altar of Dithmenos.
  4344 | D:4      | Reached skill level 4 in Fighting
  4344 | D:4      | Reached XP level 7. HP: 36/48 MP: 12/12
  4478 | D:4      | Found a blossoming altar of Fedhas.
  4478 | D:4      | Noticed Menkaure
  4494 | D:4      | Killed Menkaure
  4672 | D:5      | Entered Level 5 of the Dungeon
  4703 | D:5      | Noticed Edmund
  4812 | D:5      | Noticed Sigmund
  4817 | D:5      | Killed Sigmund
  4938 | D:5      | Reached skill level 5 in Long Blades
  5170 | D:5      | Reached XP level 8. HP: 44/54 MP: 12/14
  5241 | D:5      | Reached skill level 5 in Fighting
  6091 | D:6      | Reached skill level 6 in Fighting
  6300 | D:6      | Found an ornate altar of the Wu Jian Council.
  6304 | D:6      | Found a sacrificial altar of Ru.
  6307 | D:6      | Found a radiant altar of Vehumet.
  6307 | D:6      | Found a glowing silver altar of Zin.
  6314 | D:6      | Found an ancient bone altar of Kikubaaqudgha.
  6331 | D:6      | Reached XP level 9. HP: 53/62 MP: 16/16
  6434 | D:6      | Reached skill level 5 in Spellcasting
  6531 | D:6      | Identified the +3 plate armour of Thoughtfulness {rPois rF+
                  | rC+}
  6532 | D:6      | Found a runed translucent door.
  6549 | D:6      | Noticed MrZuerg's ghost (novice KoAr)
  6670 | D:6      | Reached skill level 7 in Fighting
  7331 | D:7      | Found a staircase to the Ecumenical Temple.
  7533 | Temple   | Entered the Ecumenical Temple
  7606 | Temple   | Became a worshipper of Gozag Ym Sagoz the Greedy
  7851 | D:8      | HP: 3/61 [steam dragon/ball of steam (21)]
  7857 | D:8      | Reached skill level 8 in Fighting
  7867 | D:8      | Noticed Maggie
  8170 | D:8      | Noticed Joseph
  8181 | D:8      | Killed Joseph
  8436 | D:8      | Reached skill level 9 in Fighting
  8453 | D:8      | Found a basalt altar of Yredelemnul.
  8672 | D:8      | Reached XP level 10. HP: 40/74 MP: 19/19
  9683 | D:9      | Found a staircase to the Orcish Mines.
  9730 | D:9      | Noticed a two-headed ogre
  9871 | D:9      | Reached skill level 10 in Fighting
 10370 | D:10     | Entered Level 10 of the Dungeon
 10408 | D:10     | Found a stormy altar of Qazlal.
 10445 | D:10     | Paralysed by a hornet for 2 turns
 10653 | D:10     | Reached skill level 1 in Poison Magic
 10827 | D:10     | Learned a level 1 spell: Summon Small Mammal
 11019 | D:10     | HP: 2/77 [yak (15)]
 11443 | D:10     | Reached skill level 1 in Throwing
 11504 | D:10     | Reached skill level 1 in Summonings
 11782 | D:10     | Reached skill level 11 in Fighting
 11877 | D:9      | Killed a two-headed ogre
 11878 | D:9      | Reached XP level 11. HP: 83/83 MP: 21/21
 12943 | D:10     | Found a staircase to the Lair.
 13063 | D:10     | Mangled by a yak

Illustrated notes

Levels and vault maps discovered:
D:1:      evilmike_arrival_rings, layout_loops_cross, serial_shops,
          nicolae_shop_stone, minmay_3d_cube
D:2:      layout_basic, dreamdust_ecumenical_altar_angels_and_demons,
          minmay_heptomino_h4, uniq_robin, uniq_natasha
D:3:      layout_basic, tgw_sif, elyvilon_altar_1
D:4:      layout_basic, amcnicky_altar_gilded, mainiacjoe_overflow_boulevard,
          uniq_menkaure
D:5:      layout_basic, corner_web_ring, uniq_sigmund, uniq_edmund
D:6:      layout_cave_pods, nicolae_overflow_hallway_of_the_gods,
          ebering_ghost_sewer_d, minmay_checkerbox
D:7:      layout_rooms, minmay_temple_entry_steel_oval
D:8:      layout_rooms, mainiacjoe_overflow_six_doors_small, minivault_11,
          uniq_maggie, uniq_joseph
D:9:      layout_small_grid, orc_0_dummy, minmay_misc_feat_diagonals,
          chequers_serial_rivers_large_b
D:10:     layout_cave_pools, kennysheep_little_box,
          mainiacjoe_overflow_two_lobes, due_lair_maze_entry_diamond
Temple:   dpeg_three_leaves_temple

Skill      XL: |  1  2  3  4  5  6  7  8  9 10 11 |
---------------+----------------------------------+-----
Spellcasting   | 1 2 3 4 6 7 |  7.6
Fighting       | 2 3 4 6 9 11 | 11.4
Unarmed Combat | 1 |  1.4
Long Blades    | 2 3 5 7 |  7.3
Poison Magic   | 2 3 |  3.4
Throwing       | 2 |  2.4
Summonings     | 2 3 |  3.0
Dodging        | |  2.3
Stealth        | |  1.3
Evocations     | |  3.2

Action                   |  1- 3 |  4- 6 |  7- 9 | 10-12 || total
-------------------------+-------+-------+-------+-------++-------
Melee: Unarmed           |    69 |       |       |       ||    69
       Constrict         |    19 |    26 |    47 |    19 ||   111
       Tentacles         |    11 |    20 |    46 |    31 ||   108
       Punch             |     1 |     1 |     3 |       ||     5
       Long sword        |     3 |    82 |   118 |   101 ||   304
Throw: Dart              |       |       |       |    25 ||    25
 Cast: Summon Small Mamm |       |       |       |    26 ||    26
Evoke: Wand              |     1 |       |    23 |    22 ||    46
  Use: Scroll            |       |       |     3 |     1 ||     4
       Potion            |       |       |     1 |     2 ||     3
 Stab: Sleeping          |     9 |     9 |     7 |       ||    25
       Distracted        |       |     1 |       |     2 ||     3
Armor: Skin              |    12 |     3 |     5 |     3 ||    23
Dodge: Dodged            |    42 |    41 |    67 |    71 ||   221
